[ AOE2 MATCH · #505120125 ]
UnrankedJapanese vs Persians
Player's team · WIN
Rival team · LOSS
[ REPLAY ANALYSIS · EXTRACTED FROM THE RECORDED GAME ]
Feudal
9:16
Castle
22:47
Imperial
—
| APM avg | 57.2 |
| APM peak | 89 |
| eAPM avg | 28.2 |
| Villagers / military | 97 / 89 |
Focus
⚔️ 54.2% · 🌾 45.8%
Cavalry Archer ×33 · Knight ×18 · Archer ×12 · Militia ×8 · Mangonel ×5 · Scout Cavalry ×5
Feudal
8:54
Castle
25:09
Imperial
—
| APM avg | 41.4 |
| APM peak | 65 |
| eAPM avg | 23.0 |
| Villagers / military | 72 / 74 |
Focus
⚔️ 38.3% · 🌾 61.7%
Knight ×59 · Skirmisher ×14 · Monk ×1
Match map
Initial resources + every placement click. Lines = walls · curves = elevation contours. ◆ gold · ⬟ stone · ● berries · ✦ relic · ◌ wall gap
Your base· Open — unwalled flank
WSH's base· Open — 3t gap
Smoothed initial terrain · ◌ = detected wall gap · hover for details
Inputs per minute
— King Gallas - - WSH
Build order — King Gallas
First 150 of 317 actions detected
| 0:01 | Queue | Villager (Male) |
| 0:01 | Queue | Villager (Male) |
| 0:02 | Build | House |
| 0:03 | Build | House |
| 0:13 | Queue | Villager (Male) ×2 |
| 1:26 | Queue | Villager (Male) |
| 1:50 | Queue | Villager (Male) |
| 2:15 | Queue | Villager (Male) |
| 2:21 | Build | Lumber Camp |
| 2:36 | Queue | Villager (Male) |
| 2:37 | Queue | Villager (Male) |
| 2:58 | Build | Mill |
| 3:08 | Queue | Villager (Male) |
| 3:09 | Queue | Villager (Male) |
| 3:30 | Queue | Villager (Male) |
| 3:34 | Build | House |
| 4:06 | Queue | Villager (Male) |
| 4:13 | Build | Palisade Wall |
| 4:29 | Queue | Villager (Male) |
| 4:54 | Queue | Villager (Male) |
| 5:23 | Queue | Villager (Male) |
| 5:45 | Queue | Villager (Male) |
| 5:58 | Build | Barracks |
| 6:12 | Queue | Villager (Male) |
| 6:35 | Research | Loom |
| 6:53 | Build | House |
| 6:56 | Research | Feudal Age |
| 7:11 | Queue | Militia |
| 7:11 | Queue | Militia |
| 7:22 | Build | Mining Camp |
| 7:29 | Queue | Militia |
| 7:30 | Queue | Militia |
| 7:30 | Queue | Militia |
| 7:59 | Queue | Militia |
| 8:43 | Queue | Villager (Male) |
| 9:16 | Age | Feudal Age |
| 9:19 | Research | Man-at-Arms (upgrade) |
| 9:19 | Research | Man-at-Arms (upgrade) |
| 9:34 | Queue | Villager (Male) |
| 9:43 | Build | Archery Range |
| 10:04 | Queue | Militia |
| 10:07 | Queue | Villager (Male) |
| 10:10 | Build | House |
| 10:19 | Research | Town Watch |
| 10:19 | Research | Town Watch |
| 10:40 | Build | House |
| 10:41 | Queue | Archer |
| 10:47 | Build | Blacksmith |
| 10:53 | Build | Mill |
| 11:07 | Queue | Villager (Male) |
| 11:11 | Build | House |
| 11:45 | Queue | Villager (Male) |
| 11:46 | Queue | Villager (Male) |
| 11:46 | Queue | Villager (Male) |
| 11:48 | Build | House |
| 11:49 | Queue | Archer |
| 12:27 | Queue | Archer |
| 12:31 | Build | House |
| 12:37 | Queue | Villager (Male) |
| 12:53 | Queue | Villager (Male) |
| 13:34 | Queue | Villager (Male) |
| 13:35 | Queue | Archer |
| 13:38 | Build | House |
| 13:52 | Build | Farm |
| 13:52 | Build | Farm |
| 13:53 | Build | Farm |
| 13:54 | Queue | Villager (Male) |
| 14:20 | Queue | Villager (Male) |
| 14:28 | Queue | Villager (Male) |
| 14:31 | Build | Farm |
| 14:36 | Research | Fletching |
| 14:36 | Research | Fletching |
| 14:58 | Build | Farm |
| 15:00 | Build | Farm |
| 15:01 | Queue | Villager (Male) |
| 15:16 | Queue | Villager (Male) |
| 15:19 | Queue | Villager (Male) |
| 15:34 | Queue | Archer |
| 15:47 | Queue | Villager (Male) |
| 15:49 | Build | Farm |
| 15:52 | Build | House |
| 16:10 | Queue | Villager (Male) |
| 16:36 | Queue | Archer |
| 16:54 | Queue | Archer |
| 17:07 | Queue | Villager (Male) |
| 17:08 | Queue | Archer |
| 17:10 | Queue | Villager (Male) |
| 17:17 | Build | House |
| 17:18 | Build | House |
| 17:29 | Queue | Archer |
| 17:35 | Queue | Villager (Male) |
| 17:40 | Build | Farm |
| 17:40 | Build | Farm |
| 17:40 | Build | Farm |
| 17:40 | Build | Farm |
| 17:41 | Build | Farm |
| 17:41 | Build | Farm |
| 17:41 | Queue | Villager (Male) |
| 18:03 | Queue | Skirmisher |
| 18:06 | Queue | Villager (Male) |
| 18:21 | Build | House |
| 18:33 | Build | Farm |
| 19:07 | Queue | Skirmisher |
| 19:13 | Queue | Archer |
| 19:14 | Queue | Villager (Male) |
| 19:18 | Build | House |
| 19:29 | Queue | Archer |
| 19:40 | Build | Farm |
| 19:40 | Build | Farm |
| 19:40 | Build | Farm |
| 19:41 | Build | Farm |
| 19:41 | Build | Farm |
| 19:59 | Queue | Archer |
| 20:07 | Research | Castle Age |
| 20:08 | Research | Castle Age |
| 20:12 | Build | Stable |
| 20:14 | Build | Farm |
| 20:33 | Build | Stable |
| 20:39 | Research | Padded Archer Armor |
| 20:43 | Queue | Skirmisher |
| 20:45 | Queue | Militia |
| 20:55 | Research | Gold Mining |
| 21:09 | Research | Bloodlines |
| 21:23 | Queue | Scout Cavalry |
| 21:31 | Build | House |
| 21:32 | Build | House |
| 21:36 | Build | House |
| 21:47 | Queue | Scout Cavalry |
| 21:47 | Queue | Villager (Male) |
| 22:12 | Build | Lumber Camp |
| 22:15 | Research | Double-Bit Axe |
| 22:21 | Queue | Scout Cavalry |
| 22:22 | Queue | Scout Cavalry |
| 22:37 | Queue | Scout Cavalry |
| 22:43 | Queue | Villager (Male) |
| 22:47 | Age | Castle Age |
| 22:50 | Queue | Knight |
| 22:57 | Queue | Cavalry Archer |
| 23:02 | Queue | Villager (Male) |
| 23:05 | Build | Farm |
| 23:05 | Build | Farm |
| 23:06 | Build | Farm |
| 23:19 | Queue | Knight |
| 23:22 | Queue | Villager (Male) |
| 23:26 | Queue | Knight |
| 23:37 | Queue | Cavalry Archer |
| 23:43 | Queue | Knight |
| 23:56 | Queue | Knight |
| 24:10 | Queue | Knight |
| 24:12 | Queue | Villager (Male) |
Build order — WSH
First 150 of 260 actions detected
| 0:01 | Queue | Villager (Male) |
| 0:02 | Queue | Villager (Male) |
| 0:02 | Queue | Villager (Male) |
| 0:02 | Queue | Villager (Male) |
| 0:03 | Build | House |
| 0:04 | Build | House |
| 0:12 | Queue | Villager (Male) |
| 1:25 | Queue | Villager (Male) |
| 1:43 | Queue | Villager (Male) |
| 1:44 | Queue | Villager (Male) |
| 2:28 | Build | Lumber Camp |
| 2:49 | Queue | Villager (Male) |
| 2:49 | Queue | Villager (Male) |
| 2:58 | Build | House |
| 3:04 | Queue | Villager (Male) |
| 3:30 | Build | House |
| 3:46 | Queue | Villager (Male) |
| 3:47 | Queue | Villager (Male) |
| 3:47 | Queue | Villager (Male) |
| 4:03 | Build | Palisade Wall |
| 4:06 | Queue | Villager (Male) |
| 4:06 | Queue | Villager (Male) |
| 4:27 | Build | Mill |
| 4:53 | Queue | Villager (Male) |
| 4:54 | Queue | Villager (Male) |
| 5:23 | Queue | Villager (Male) |
| 5:23 | Queue | Villager (Male) |
| 5:53 | Queue | Villager (Male) |
| 6:01 | Research | Loom |
| 6:51 | Research | Feudal Age |
| 6:51 | Research | Feudal Age |
| 7:24 | Build | Barracks |
| 7:46 | Build | House |
| 7:53 | Build | Palisade Wall |
| 8:40 | Build | Palisade Wall |
| 8:54 | Age | Feudal Age |
| 8:59 | Queue | Villager (Male) |
| 9:02 | Research | Double-Bit Axe |
| 9:02 | Research | Double-Bit Axe |
| 9:38 | Build | Palisade Wall |
| 9:42 | Build | Archery Range |
| 9:46 | Queue | Villager (Male) |
| 9:47 | Queue | Villager (Male) |
| 9:52 | Build | House |
| 9:57 | Queue | Villager (Male) |
| 9:57 | Queue | Villager (Male) |
| 10:42 | Queue | Skirmisher |
| 10:42 | Queue | Skirmisher |
| 10:42 | Queue | Skirmisher |
| 11:07 | Build | Blacksmith |
| 11:10 | Queue | Villager (Male) |
| 11:29 | Build | Mill |
| 11:48 | Build | Palisade Wall |
| 12:08 | Queue | Villager (Male) |
| 12:14 | Build | Mill |
| 12:20 | Queue | Villager (Male) |
| 12:41 | Build | House |
| 12:46 | Queue | Villager (Male) |
| 12:56 | Build | House |
| 13:12 | Build | Lumber Camp |
| 13:14 | Queue | Villager (Male) |
| 13:14 | Queue | Villager (Male) |
| 13:32 | Queue | Villager (Male) |
| 13:33 | Queue | Villager (Male) |
| 13:48 | Queue | Villager (Male) |
| 14:08 | Build | Lumber Camp |
| 14:23 | Build | House |
| 14:29 | Build | Farm |
| 14:29 | Build | Farm |
| 14:32 | Build | Farm |
| 14:33 | Build | Farm |
| 14:41 | Queue | Villager (Male) |
| 15:17 | Research | Fletching |
| 15:17 | Research | Fletching |
| 15:24 | Build | Farm |
| 15:25 | Build | Farm |
| 15:27 | Build | Farm |
| 15:32 | Queue | Skirmisher |
| 15:33 | Queue | Skirmisher |
| 15:36 | Queue | Villager (Male) |
| 15:38 | Build | Farm |
| 15:52 | Queue | Villager (Male) |
| 16:12 | Queue | Skirmisher |
| 16:12 | Queue | Skirmisher |
| 16:40 | Queue | Skirmisher |
| 16:40 | Queue | Skirmisher |
| 16:48 | Queue | Skirmisher |
| 16:52 | Queue | Villager (Male) |
| 16:53 | Queue | Villager (Male) |
| 16:54 | Queue | Villager (Male) |
| 16:55 | Build | House |
| 17:06 | Research | Padded Archer Armor |
| 17:07 | Research | Padded Archer Armor |
| 17:10 | Queue | Villager (Male) |
| 17:31 | Queue | Skirmisher |
| 17:34 | Build | House |
| 17:36 | Build | House |
| 17:44 | Research | Town Watch |
| 17:44 | Research | Town Watch |
| 17:53 | Build | House |
| 17:57 | Build | Farm |
| 18:03 | Queue | Villager (Male) |
| 18:05 | Queue | Skirmisher |
| 18:05 | Queue | Skirmisher |
| 18:19 | Build | Mining Camp |
| 18:23 | Queue | Villager (Male) |
| 18:26 | Queue | Skirmisher |
| 18:36 | Build | Palisade Wall |
| 19:06 | Queue | Villager (Male) |
| 19:17 | Build | Farm |
| 19:20 | Build | Farm |
| 19:30 | Build | House |
| 19:47 | Build | Farm |
| 19:49 | Queue | Villager (Male) |
| 19:50 | Queue | Villager (Male) |
| 20:07 | Queue | Villager (Male) |
| 20:15 | Research | Wheelbarrow |
| 20:15 | Research | Wheelbarrow |
| 20:38 | Build | Palisade Wall |
| 20:41 | Build | Farm |
| 20:44 | Build | House |
| 20:51 | Build | Farm |
| 21:18 | Build | Farm |
| 21:27 | Build | Palisade Wall |
| 21:50 | Queue | Villager (Male) |
| 22:12 | Research | Castle Age |
| 22:12 | Research | Castle Age |
| 22:31 | Build | Stable |
| 22:38 | Research | Horse Collar |
| 22:38 | Research | Horse Collar |
| 22:58 | Build | Stable |
| 23:03 | Queue | Villager (Male) |
| 23:04 | Queue | Villager (Male) |
| 23:39 | Research | Bloodlines |
| 23:39 | Research | Bloodlines |
| 23:39 | Research | Bloodlines |
| 24:40 | Research | Scale Barding Armor |
| 24:41 | Research | Scale Barding Armor |
| 24:41 | Research | Forging |
| 25:07 | Build | House |
| 25:09 | Age | Castle Age |
| 25:11 | Queue | Knight |
| 25:12 | Queue | Knight |
| 25:12 | Queue | Knight |
| 25:13 | Queue | Knight |
| 25:20 | Queue | Knight |
| 25:21 | Queue | Knight |
| 25:37 | Build | Town Center |
| 26:24 | Queue | Knight |
| 26:24 | Queue | Knight |
Match timeline
| 4:03 | WSH · wall_segment Palisade Wall x5 |
| 4:13 | King Gallas · wall_segment Palisade Wall x1 |
| 5:58 | King Gallas · first_building Barracks |
| 7:24 | WSH · first_building Barracks |
| 7:53 | WSH · wall_segment Palisade Wall x7 |
| 8:40 | WSH · wall_segment Palisade Wall x8 |
| 8:54 | WSH · age_up feudal |
| 9:16 | King Gallas · age_up feudal |
| 9:38 | WSH · wall_segment Palisade Wall x5 |
| 9:42 | WSH · first_building Archery Range |
| 9:43 | King Gallas · first_building Archery Range |
| 11:48 | WSH · wall_segment Palisade Wall x4 |
| 18:36 | WSH · wall_segment Palisade Wall x3 |
| 20:12 | King Gallas · first_building Stable |
| 20:38 | WSH · wall_segment Palisade Wall x6 |
| 21:27 | WSH · wall_segment Palisade Wall x4 |
| 22:31 | WSH · first_building Stable |
| 22:47 | King Gallas · age_up castle |
| 25:09 | WSH · age_up castle |
| 26:23 | King Gallas · first_building Siege Workshop |
| 28:14 | King Gallas · first_building Monastery |
| 35:50 | WSH · first_building Monastery |
| 36:31 | King Gallas · first_market_sell 100 food |
| 37:36 | King Gallas · first_building Castle |
| 40:46 | WSH · resign |
[ AI ANALYSIS · 1 CREDIT ]
What really happened in this match?
Wolo.gg analyzes every decision: build order, eco, micro, common mistakes by bracket. Personalized analysis on WhatsApp or Discord in 30 seconds.
Civ guide
Japanese
Perfil
King Gallas